 Dungeon Crawl Stone Soup version 0.29-a0-43-g62a80824bf (webtiles) character file.

Game seed: 9583745003516058506

193 grumblor the Skirmisher (level 5, -2/28 HPs)
             Began as a Vine Stalker Fighter on Feb 3, 2022.
             Slain by a black bear (5 damage)
             ... on level 4 of the Dungeon.
             The game lasted 00:03:25 (2315 turns).

grumblor the Skirmisher (Vine Stalker Fighter)      Turns: 2315, Time: 00:03:25

Health: -2/28      AC:  9    Str: 21    XL:     5   Next: 72%
Magic:  0/9        EV:  7    Int:  8    God:
Gold:   127        SH:  4    Dex: 13    Spells: 8/8 levels left

rFire   . . .      SeeInvis .   a - +0 war axe
rCold   . . .      Faith    .   c - +0 buckler
rNeg    . . .      Spirit   +   k - +0 chain mail
rPois   .          Reflect  .   (no helmet)
rElec   .          Harm     .   (no cloak)
rCorr   .          Rampage  .   (no gloves)
Will    .....                   (no boots)
Stlth   ..........              h - amulet of magic regeneration
HPRegen 0.89/turn               e - ring of flight
MPRegen 0.51/turn               (no ring)

@: flying
A: fangs 2, regeneration 1, magic shield, antimagic bite, no potion heal 2
a: no special abilities


You were on level 4 of the Dungeon.
You visited 1 branch of the dungeon, and saw 4 of its levels.

You collected 127 gold pieces.

Inventory:

Hand Weapons
 a - a +0 war axe (weapon)
Armour
 c - a +0 buckler (worn)
 k - a +0 chain mail (worn)
Jewellery
 e - a ring of flight (left hand)
 h - an amulet of magic regeneration (around neck)
Potions
 d - a potion of might
 f - a potion of lignification
 i - a potion of cancellation {unknown}
 l - a potion of flight {unknown}


   Skills:
 * Level 3.3 Fighting
 + Level 3.0 Axes
 + Level 2.8 Armour
 * Level 1.4 Dodging
 + Level 3.1 Shields
 - Level 2.0 Spellcasting


You had 8 spell levels left.
You didn't know any spells.
Your spell library contained the following spells:

 Spells                   Type           Power      Damage    Failure   Level
 Sandblast                Erth           0%         2d4       99%         1
 Passwall                 Tmut/Erth      0%         N/A       100%        2
 Call Canine Familiar     Summ           0%         N/A       100%        3
 Portal Projectile        Hex/Tloc       0%         N/A       100%        3
 Stone Arrow              Conj/Erth      0%         3d7       100%        3
 Leda's Liquefaction      Hex/Erth       0%         N/A       100%        4


Dungeon Overview and Level Annotations

Branches:
Dungeon (4/15)
 Temple: D:4-7

Altars:

Shops:
D:1 *   D:2 ![?(


Innate Abilities, Weirdness & Mutations

You have extremely sharp teeth.
Your natural rate of healing is unusually fast.
When hurt, damage is shared between your health and your magic reserves.
Your bite disrupts and absorbs the magic of your enemies.
Potions cannot restore your health.


Message History

You block the black bear's attack. The black bear bites you.
* * * LOW HITPOINT WARNING * * *
The black bear claws you but does no damage.
The black bear claws you.
* * * LOW HITPOINT WARNING * * *
You closely miss the black bear.
The black bear is almost dead.
The black bear barely misses you. You block the black bear's attack.
The black bear claws you.
* * * LOW HITPOINT WARNING * * *
The black bear bites you but does no damage.
The black bear claws you but does no damage.
The black bear barely misses you.
Unknown command.
You closely miss the black bear.
The black bear is almost dead.
The black bear bites you but does no damage.
The black bear barely misses you.
The black bear claws you but does no damage.
The black bear bites you but does no damage.
The black bear claws you.
* * * LOW HITPOINT WARNING * * *
The black bear completely misses you.
Unknown command.
You barely miss the black bear. You bite the black bear. You drain its power.
You feel invigorated.
The black bear is almost dead.
The black bear bites you but does no damage.
The black bear barely misses you.
The black bear claws you but does no damage.
The black bear closely misses you. The black bear claws you.
* * * LOW HITPOINT WARNING * * *
The black bear claws you.
Unknown command.
You hit the black bear.
The black bear is almost dead.
The black bear bites you. The black bear closely misses you.
The black bear claws you but does no damage.
The black bear bites you!
You die...

.# ... ### ##... ###
#.##.... ### ##.####.....#
.... ##..@†......# ....
##....h....### .....
##...†..##...###.....
##...†...#............
#...........#.........
##....=.#....#..........
###..........####.##..#...
#..............#..# ..#...
##.......#.....#..# ......


You could see a black bear (berserk).

Vanquished Creatures
  A phantom (D:3)
  3 adders
  An ufetubus (D:4)
  2 worms
  5 dart slugs
  An orc (D:3)
  7 endoplasms
  6 giant cockroaches
  5 goblins
  4 hobgoblins
  2 jackals (D:2)
  4 kobolds
  2 quokkas
  6 ball pythons
  5 bats (D:1)
  3 frilled lizards (D:1)
  7 rats
64 creatures vanquished.

Vanquished Creatures (others)
  A fungus (D:1)
1 creature vanquished.

Grand Total: 65 creatures vanquished

Notes
Turn   | Place    | Note
-------+----------+-------------------------------------------
     0 | D:1      | grumblor the Vine Stalker Fighter began the quest for the
                  | Orb.
     0 | D:1      | Reached XP level 1. HP: 11/11 MP: 2/2
   116 | D:1      | Reached XP level 2. HP: 14/16 MP: 1/3
   691 | D:1      | Found Wari's Assorted Antiques.
   752 | D:1      | Reached XP level 3. HP: 20/20 MP: 4/4
   837 | D:1      | Found a faded altar of an unknown god.
  1159 | D:2      | Found Rintu's Distillery.
  1202 | D:2      | Reached skill level 1 in Spellcasting
  1226 | D:2      | Gained mutation: Your natural rate of healing is unusually
                  | fast. [Vine Stalker growth]
  1226 | D:2      | Reached XP level 4. HP: 19/24 MP: 5/7
  1265 | D:2      | Found Xodgh's Magic Scroll Emporium.
  1279 | D:2      | Found Esexip's Weapon Boutique.
  1314 | D:2      | Reached skill level 1 in Dodging
  1336 | D:2      | Found Zegraduo's Armour Shoppe.
  1720 | D:3      | Noticed a phantom
  1733 | D:3      | Killed a phantom
  1734 | D:3      | Reached XP level 5. HP: 18/28 MP: 7/9
  2287 | D:4      | Noticed a black bear
  2315 | D:4      | Slain by a black bear

Illustrated notes

Levels and vault maps discovered:
D:1:      dpeg_arrival_tiny_h, layout_loops_ring, serial_shops,
          nicolae_shop_waterfront, shapermc_ecumenical_altar_ellora,
          columned_hall_lemuel
D:2:      layout_rooms, serial_shops, nicolae_shop_trees, shop_coins,
          nicolae_shop_statue_plus, nicolae_diamond_shop,
          minmay_misc_feat_columns
D:3:      layout_loops_ring
D:4:      layout_cave_pools, nicolae_stop_n_shop_1

Skill      XL: |  1  2  3  4  5 |
---------------+----------------+-----
Fighting       | 3 |  3.3
Axes           | 2 3 |  3.0
Spellcasting   | 1 2 |  2.0
Dodging        | 1 |  1.4
Shields        | 3 |  3.1
Armour         | |  2.8

Action                   |  1- 3 |  4- 6 || total
-------------------------+-------+-------++-------
Melee: War axe           |    88 |    69 ||   157
       Bite              |    21 |    15 ||    36
  Use: Scroll            |     3 |     2 ||     5
Armor: Scale mail        |    42 |       ||    42
       Chain mail        |     8 |    46 ||    54
Dodge: Dodged            |    41 |    28 ||    69
Block: Buckler           |    18 |    19 ||    37

Table legend: (Time is in decaauts)
 A = Elapsed time spent in this place.
 B = Non-inter-level travel time spent in this place.
 C = Inter-level travel time spent in this place.
 D = Time resting spent in this place.
 E = Time spent auto-exploring this place.
 F = Levels seen in this place.
 G = Mean time per level.
                   A        B        C        D        E       F      G
               +--------+--------+--------+--------+--------+-----+--------+
         Total |   2381 |   2305 |     76 |      0 |   1838 |   4 |  595.2 |
       Dungeon |   2381 |   2305 |     76 |      0 |   1838 |   4 |  595.2 |
               +--------+--------+--------+--------+--------+-----+--------+

Top non-repeatable levels by time:
     D:1: 1192 daAuts
     D:3: 641 daAuts
     D:2: 475 daAuts
     D:4: 71 daAuts
